[Event "ICC tourney 2743 (40 10)"]
[Site "Internet Chess Club"]
[Date "2021.11.20"]
[Round "1"]
[White "AZAROV, SERGEI:Sergeiaza"]
[Black "YAN, RUIYANG:jy2020"]
[Result "1-0"]
[ICCResult "Black resigns"]
[WhiteElo "2648"]
[BlackElo "2160"]
[Opening "Sicilian: Najdorf, 6.Bg5"]
[ECO "B94"]
[NIC "SI.04"]
[Time "11:01:37"]
[PlyCount "89"]
[TimeControl "2400+10"]

1. e4 c5 2. Nf3 d6 3. d4 cxd4 4. Nxd4 Nf6 5. Nc3 a6 6. Bg5 Nbd7 7. f4 e5 8.
Nf5 Qb6 9. Qd2 Qxb2 10. Rb1 Qa3 11. Bc4 Qa5 12. O-O Qc5+ 13. Ne3 h6 14. Bxf6
Nxf6 15. Nd5 Nxd5 16. Bxd5 Be7 17. f5 Bg5 18. Rb3 Rb8 19. Kh1 b5 20. Rc3
Bxe3 21. Rxe3 Bb7 22. Bxb7 Rxb7 23. Rc3 Rd7 24. Rxc5 dxc5 25. Qc3 f6 26.
Qxc5 Kf7 27. Qc6 Rhd8 28. Qxa6 b4 29. Qc4+ Kf8 30. Qxb4+ Kg8 31. a4 Rd4 32.
Qb3+ Kh7 33. a5 Rxe4 34. a6 Red4 35. h3 R4d7 36. Ra1 Ra7 37. Qb6 Rdd7 38. c4
Re7 39. c5 e4 40. c6 e3 41. Kg1 e2 42. Kf2 Ra8 43. c7 Rae8 44. Re1 Re5 45.
g4 {Black resigns} 1-0

[Event "ICC tourney 2743 (40 10)"]
[Site "Internet Chess Club"]
[Date "2021.11.20"]
[Round "1"]
[White "SHEEHAN, ETHAN THOMAS:Chessking2008"]
[Black "MARTINEZ ALCANTARA, JOSE:josechess99"]
[Result "0-1"]
[ICCResult "White resigns"]
[WhiteElo "2194"]
[BlackElo "2702"]
[Opening "Queen's gambit accepted"]
[ECO "D20"]
[NIC "QG.03"]
[Time "11:01:43"]
[PlyCount "128"]
[TimeControl "2400+10"]

1. d4 d5 2. c4 dxc4 3. e3 Nf6 4. Bxc4 e6 5. Nc3 a6 6. Nf3 c5 7. O-O b5 8.
Bd3 Bb7 9. dxc5 Bxc5 10. a3 Nbd7 11. b4 Be7 12. Bb2 O-O 13. Qe2 Rc8 14. Rfd1
Qb6 15. Rac1 Rfd8 16. Bb1 Ba8 17. h3 Qb8 18. Ng5 Ne5 19. Nce4 Nxe4 20. Nxe4
Nc4 21. Ng3 Nxb2 22. Qxb2 Bf6 23. Qe2 Qe5 24. Qd3 g6 25. Rxc8 Rxc8 26. Ne4
Be7 27. Qd7 Qc7 28. Qxc7 Rxc7 29. Nc5 Bxc5 30. bxc5 Bd5 31. e4 Bc4 32. Rd6
Rxc5 33. Rxa6 Be2 34. Ba2 Rc1+ 35. Kh2 Rc2 36. Bb3 Rb2 37. Bxe6 fxe6 38.
Rxe6 Bc4 39. Rf6 Ra2 40. Rf3 Re2 41. Rf4 Kg7 42. h4 Bd3 43. e5 Re4 44. Kg3
Bc2 45. Rxe4 Bxe4 46. f3 Bc2 47. Kf4 Kf7 48. Kg5 Ke6 49. f4 Be4 50. g4 Bf3
51. h5 gxh5 52. Kxh5 h6 53. Kh4 Bd1 54. Kh5 Be2 55. Kh4 Kd5 56. Kh5 Ke4 57.
e6 Kxf4 58. e7 Bxg4+ 59. Kxh6 Bd7 60. Kg6 Ke5 61. Kg7 Kd5 62. Kf6 Be8 63.
Kf5 Kc4 64. Ke6 Kb3 {White resigns} 0-1

[Event "ICC tourney 2743 (40 10)"]
[Site "Internet Chess Club"]
[Date "2021.11.20"]
[Round "1"]
[White "PARK, EVAN:espark"]
[Black "SHAWKAT, SAIF:saif-shawkat"]
[Result "1-0"]
[ICCResult "Black resigns"]
[WhiteElo "2234"]
[BlackElo "1949"]
[Opening "Sicilian: Najdorf"]
[ECO "B90"]
[NIC "SI.14"]
[Time "11:01:39"]
[PlyCount "59"]
[TimeControl "2400+10"]

1. e4 c5 2. Nf3 d6 3. d4 cxd4 4. Nxd4 Nf6 5. Nc3 a6 6. Nb3 e6 7. g4 h6 8.
Bg2 Be7 9. Be3 Qc7 10. h4 Nc6 11. g5 hxg5 12. hxg5 Rxh1+ 13. Bxh1 Nd7 14.
Qh5 Nde5 15. Nd2 Bd7 16. f4 Ng6 17. O-O-O O-O-O 18. Nc4 Rh8 19. Qe2 Be8 20.
Bb6 Qb8 21. Qd2 Rh4 22. Ne2 d5 23. exd5 exd5 24. Qxd5 Nxf4 25. Qf5+ Ne6 26.
Bd5 Qh2 27. Bxe6+ fxe6 28. Qxe6+ Kb8 29. Kb1 Bh5 30. Qg8+ {Black resigns}
1-0

[Event "ICC tourney 2743 (40 10)"]
[Site "Internet Chess Club"]
[Date "2021.11.20"]
[Round "1"]
[White "Fawzy, Adham:domti"]
[Black "BUENAVISTA, PROSPERO SILOS:perryb"]
[Result "1-0"]
[ICCResult "Black resigns"]
[WhiteElo "2542"]
[BlackElo "2031"]
[Opening "King's pawn opening"]
[ECO "B07"]
[NIC "VO.17"]
[Time "11:01:41"]
[PlyCount "81"]
[TimeControl "2400+10"]

1. e4 d6 2. c4 Nf6 3. Nc3 g6 4. g3 Bg7 5. Bg2 O-O 6. Nge2 c6 7. O-O Qc7 8.
d4 e5 9. h3 Re8 10. Be3 Nbd7 11. Qc2 Nf8 12. Rad1 Be6 13. b3 a6 14. Rd2 Rac8
15. f4 exd4 16. Nxd4 Bd7 17. Nf3 Nxe4 18. Nxe4 Rxe4 19. Bc5 Re6 20. Bf2 c5
21. Rfd1 Bc6 22. Ng5 Rf6 23. Ne4 Bxe4 24. Qxe4 b5 25. Qb7 bxc4 26. bxc4 Qxb7
27. Bxb7 Rb8 28. Bxa6 d5 29. Bb5 d4 30. a4 Ne6 31. Re2 h5 32. h4 Bf8 33. Be1
Bd6 34. Ba5 Kg7 35. Ra1 Kf8 36. Bd2 Nc7 37. Bd7 Na6 38. a5 Bc7 39. Bb5 Bd8
40. f5 Bc7 41. Bg5 {Black resigns} 1-0

[Event "ICC tourney 2743 (40 10)"]
[Site "Internet Chess Club"]
[Date "2021.11.20"]
[Round "1"]
[White "TANG, AUSTIN:Mrpeetapizza"]
[Black "ERENBURG, SERGEY:helavir"]
[Result "0-1"]
[ICCResult "White resigns"]
[WhiteElo "2034"]
[BlackElo "2569"]
[Opening "Caro-Kann: advance variation"]
[ECO "B12"]
[NIC "CK.04"]
[Time "11:01:53"]
[PlyCount "58"]
[TimeControl "2400+10"]

1. e4 c6 2. d4 d5 3. e5 Bf5 4. Nf3 e6 5. Be2 Ne7 6. O-O Bg6 7. a4 c5 8. c3
cxd4 9. cxd4 Nec6 10. Na3 Be7 11. Bd2 O-O 12. Qb3 Qd7 13. Rac1 Na6 14. Bb5
Rfc8 15. Bc3 Qd8 16. Bxa6 bxa6 17. Qd1 Rab8 18. Nc2 Qb6 19. Nce1 Nb4 20. Qb3
Qd8 21. Bxb4 Rxb4 22. Rxc8 Qxc8 23. Qa3 Qb7 24. Qc3 Rb3 25. Qc1 Rxb2 26. Nd2
Rb4 27. Nef3 Rxa4 28. Rd1 a5 29. Qc3 Ra3 {White resigns} 0-1

[Event "ICC tourney 2743 (40 10)"]
[Site "Internet Chess Club"]
[Date "2021.11.20"]
[Round "1"]
[White "Chakrabarti, Brejesh:Kochi222"]
[Black "MATINIAN, NIKITA:gannikus1992"]
[Result "1/2-1/2"]
[ICCResult "Game drawn because neither player has mating material"]
[WhiteElo "2016"]
[BlackElo "2504"]
[Opening "Giuoco Pianissimo"]
[ECO "C55"]
[NIC "IG.01"]
[Time "11:01:38"]
[PlyCount "133"]
[TimeControl "2400+10"]

1. e4 e5 2. Nf3 Nc6 3. Bc4 Nf6 4. d3 Bc5 5. O-O d6 6. Be3 Bxe3 7. fxe3 Be6
8. Bxe6 fxe6 9. c4 O-O 10. Nc3 Qe7 11. a3 h6 12. Qe1 Rf7 13. Qh4 Qf8 14. b4
g5 15. Qg3 Qg7 16. h3 Re8 17. Kh2 Kh7 18. Kg1 Rg8 19. Rf2 g4 20. Nh2 gxh3
21. Qxh3 Nd8 22. Raf1 Qg5 23. Ng4 Qxg4 24. Qxg4 Rxg4 25. Rxf6 Rxf6 26. Rxf6
Kg7 27. Rf3 c6 28. Ne2 Nf7 29. Rg3 Rxg3 30. Nxg3 Kf6 31. Kf2 b5 32. cxb5
cxb5 33. Ne2 a6 34. Nc3 h5 35. Kf3 Kg5 36. d4 Kh4 37. d5 Ng5+ 38. Kf2 exd5
39. exd5 Kg4 40. a4 bxa4 41. Nxa4 Ne4+ 42. Kg1 Kg3 43. Nb6 Nc3 44. Kf1 h4
45. Kg1 Na2 46. Nc4 Nxb4 47. e4 Nd3 48. Nxd6 Nc5 49. Nf5+ Kf4 50. Nxh4 a5
51. Nf3 a4 52. Ne1 a3 53. Nc2 a2 54. Kf2 Kxe4 55. Ke1 Nd3+ 56. Kd2 Nb4 57.
Na1 Nxd5 58. Kc2 Ne3+ 59. Kb2 Nxg2 60. Kxa2 Kd3 61. Nb3 Kc3 62. Nc5 Ne1 63.
Kb1 Nd3 64. Nd7 e4 65. Nf6 e3 66. Nd5+ Kd2 67. Nxe3
{Game drawn because neither player has mating material}
1/2-1/2

[Event "ICC tourney 2743 (40 10)"]
[Site "Internet Chess Club"]
[Date "2021.11.20"]
[Round "1"]
[White "ALEKSANDROV, ALEKSEJ:Aleksandrov73"]
[Black "Vittal, Sanjana:MCTS13"]
[Result "1-0"]
[ICCResult "Black resigns"]
[WhiteElo "2584"]
[BlackElo "2042"]
[Opening "QGD: 3.Nc3"]
[ECO "D31"]
[NIC "QP.08"]
[Time "11:05:04"]
[PlyCount "69"]
[TimeControl "2400+10"]

1. d4 d5 2. c4 e6 3. Nc3 Bb4 4. e3 Nf6 5. a3 Bxc3+ 6. bxc3 c6 7. a4 O-O 8.
a5 Nbd7 9. Nf3 Qc7 10. Be2 e5 11. O-O e4 12. Nd2 b6 13. axb6 Nxb6 14. Ba3
Re8 15. Bb4 Nxc4 16. Nxc4 dxc4 17. Ra5 Be6 18. Qa4 Nd5 19. Ra1 Nxb4 20. cxb4
Qb6 21. h3 Rab8 22. Rb1 Rb7 23. Rc5 Reb8 24. Bxc4 Bxc4 25. Rxc4 Qb5 26. Qc2
Rb6 27. Ra1 a6 28. Ra5 Qxa5 29. bxa5 Rb1+ 30. Kh2 R1b2 31. Qxe4 Rxf2 32. Rc2
Rf1 33. Rxc6 g6 34. Rxa6 Rbb1 35. Qe5 {Black resigns} 1-0

[Event "ICC tourney 2743 (40 10)"]
[Site "Internet Chess Club"]
[Date "2021.11.20"]
[Round "1"]
[White "IVANOV, ALEXANDER:marble"]
[Black "Turcotte, Jonathan:JonnyTurgi"]
[Result "1-0"]
[ICCResult "Black forfeits on time"]
[WhiteElo "2429"]
[BlackElo "2000"]
[Opening "Caro-Kann: advance variation"]
[ECO "B12"]
[NIC "CK.04"]
[Time "11:01:36"]
[PlyCount "71"]
[TimeControl "2400+10"]

1. e4 c6 2. d4 d5 3. e5 Bf5 4. h4 h5 5. c4 e6 6. Nc3 Ne7 7. Bg5 Qb6 8. Qd2
Nd7 9. Nf3 Bg4 10. Nh2 Bf5 11. Be2 dxc4 12. Bxc4 Nd5 13. O-O f6 14. exf6
gxf6 15. Bxd5 cxd5 16. Bf4 Kf7 17. Rac1 Be7 18. Rfe1 Rac8 19. Nf1 Qa6 20.
Ne3 Qd3 21. Nxf5 Qxf5 22. Nb5 a6 23. Nd6+ Bxd6 24. Bxd6 Rhg8 25. Bg3 b5 26.
Qa5 Rc4 27. Qxa6 Rgc8 28. Rxc4 Rxc4 29. Qxb5 Nf8 30. Qb7+ Kg8 31. Qb8 Kg7
32. b3 Rc2 33. a4 Ng6 34. a5 Qg4 35. a6 Nxh4 36. a7 {Black forfeits on time}
1-0

[Event "ICC tourney 2743 (40 10)"]
[Site "Internet Chess Club"]
[Date "2021.11.20"]
[Round "1"]
[White "LIANG, YU-CHENG:Yucheng"]
[Black "YANG, KAIQI:YKQ"]
[Result "1/2-1/2"]
[ICCResult "Game drawn by repetition"]
[WhiteElo "2026"]
[BlackElo "2531"]
[Opening "Dutch defense, Rubinstein variation"]
[ECO "A40"]
[NIC "QO.17"]
[Time "11:01:34"]
[PlyCount "67"]
[TimeControl "2400+10"]

1. d4 e6 2. c4 f5 3. Nc3 Nf6 4. g3 Bb4 5. Bg2 O-O 6. Nf3 Ne4 7. Qc2 Nc6 8.
O-O Bxc3 9. bxc3 d6 10. Nd2 Nxd2 11. Bxd2 e5 12. Bd5+ Kh8 13. Bxc6 bxc6 14.
dxe5 dxe5 15. f4 Be6 16. fxe5 Bxc4 17. Be3 Qe7 18. Rxf5 Rxf5 19. Qxf5 Rf8
20. Qe4 Bxe2 21. Bxa7 Bf3 22. Qb4 Qe8 23. e6 c5 24. Qxc5 Rg8 25. e7 Qd7 26.
Rf1 Ba8 27. Re1 Qd2 28. Qf2 Qd5 29. Kf1 Bc6 30. Bd4 Bb5+ 31. Kg1 Bc6 32. Kf1
Bb5+ 33. Kg1 Bc6 34. Kf1 {Game drawn by repetition} 1/2-1/2

[Event "ICC tourney 2743 (40 10)"]
[Site "Internet Chess Club"]
[Date "2021.11.20"]
[Round "1"]
[White "HEBDEN, MARK L:mhebden"]
[Black "CHUBAKOV, SULTAN:schubakov"]
[Result "1-0"]
[ICCResult "Black resigns"]
[WhiteElo "2505"]
[BlackElo "2025"]
[Opening "QGD Slav: 4.e3 Bf5"]
[ECO "D12"]
[NIC "QP.08"]
[Time "11:01:35"]
[PlyCount "113"]
[TimeControl "2400+10"]

1. d4 d5 2. Nf3 Nf6 3. c4 c6 4. e3 Bf5 5. cxd5 cxd5 6. Qb3 Qc7 7. Bd2 e6 8.
Bb5+ Nc6 9. O-O Bd6 10. Bb4 O-O 11. Bxc6 bxc6 12. Nbd2 Nd7 13. Rac1 Bxb4 14.
Qxb4 a5 15. Qc3 Rfb8 16. b3 Rb6 17. Nh4 Qd6 18. Nxf5 exf5 19. a4 Nf6 20. f3
Raa6 21. Qd3 Qe6 22. Rc5 Nd7 23. Rc3 Ra8 24. Rfc1 Rab8 25. Nf1 g6 26. Qc2
Rc8 27. Ng3 c5 28. dxc5 Rbc6 29. Ne2 Rxc5 30. Qd2 Qb6 31. Rxc5 Rxc5 32. Rxc5
Qxc5 33. Nf4 Nf6 34. h4 h6 35. Qd4 Qxd4 36. exd4 Kf8 37. Kf2 Ke7 38. Ke3 Kd6
39. Nd3 Nd7 40. Kf4 Ke6 41. b4 axb4 42. Nxb4 f6 43. a5 g5+ 44. hxg5 fxg5+
45. Ke3 Kd6 46. a6 Nb6 47. g4 f4+ 48. Kd3 Kc7 49. Ke2 Kd6 50. a7 Ke6 51. Nd3
Kf6 52. Ne5 Ke7 53. Kd3 Ke6 54. Kc3 Ke7 55. Kb4 Kd8 56. Nf7+ Kc7 57. Nxh6
{Black resigns}
1-0

[Event "ICC tourney 2743 (40 10)"]
[Site "Internet Chess Club"]
[Date "2021.11.20"]
[Round "1"]
[White "LIU, PATRICK PEIJUN:JunlinTheWorld"]
[Black "MATIAS PEREIRA, JULIANO RESENDE:JMatias"]
[Result "0-1"]
[ICCResult "White checkmated"]
[WhiteElo "1989"]
[BlackElo "2250"]
[Opening "Queen's pawn game"]
[ECO "A46"]
[NIC "QP.06"]
[Time "11:01:42"]
[PlyCount "94"]
[TimeControl "2400+10"]

1. d4 Nf6 2. Nf3 e6 3. g3 d5 4. c4 c6 5. Bg2 Bb4+ 6. Nc3 Nbd7 7. cxd5 cxd5
8. O-O O-O 9. Qb3 Be7 10. Bd2 a6 11. a4 Ne4 12. Bf4 Nd6 13. Ne5 Nxe5 14.
dxe5 Nf5 15. Rfd1 Qa5 16. e4 dxe4 17. Nxe4 Rb8 18. Bd2 Qd8 19. Be3 Qe8 20.
Ba7 Ra8 21. Bc5 Bd7 22. Bxe7 Nxe7 23. Nd6 Qb8 24. Qxb7 Ra7 25. Qxb8 Rxb8 26.
Rd2 Nc6 27. f4 Na5 28. Rd3 Rxb2 29. Rad1 g6 30. Rd4 Rc7 31. Nxf7 Rxg2+ 32.
Kxg2 Bc6+ 33. Kf2 Kxf7 34. Rb1 Bd5 35. Rd2 Rc4 36. Rb6 Rc6 37. Rdb2 Rc5 38.
Rxa6 g5 39. fxg5 Kg6 40. Rb5 Rc2+ 41. Ke1 Nc6 42. h4 Kf5 43. Kd1 Nd4 44. Rb4
Bf3+ 45. Ke1 Re2+ 46. Kf1 Bg2+ 47. Kg1 Nf3# {White checkmated} 0-1

[Event "ICC tourney 2743 (40 10)"]
[Site "Internet Chess Club"]
[Date "2021.11.20"]
[Round "1"]
[White "FILIPOVICH, DAVID MICHAEL:dmfcan"]
[Black "VAKHIDOV, JAKHONGIR:TjkTiger"]
[Result "1/2-1/2"]
[ICCResult "Game drawn by mutual agreement"]
[WhiteElo "2050"]
[BlackElo "2607"]
[Opening "Réti opening"]
[ECO "A04"]
[NIC "QP.11"]
[Time "11:01:53"]
[PlyCount "117"]
[TimeControl "2400+10"]

1. Nf3 g6 2. g3 Bg7 3. Bg2 c5 4. c4 Nc6 5. O-O e6 6. Nc3 Nge7 7. d4 Nxd4 8.
Nxd4 cxd4 9. Nb5 Qb6 10. e3 d5 11. Nxd4 dxc4 12. Qa4+ Bd7 13. Qxc4 e5 14.
Ne2 Bb5 15. Qc2 Rc8 16. Qd2 Qa6 17. Rd1 O-O 18. Nc3 Bc6 19. e4 Rfe8 20. b3
b5 21. Bb2 Qb6 22. b4 Rcd8 23. Qc2 Rd4 24. Nd5 Rxd1+ 25. Rxd1 Bxd5 26. exd5
Rc8 27. Qe2 Qd6 28. Re1 Qxb4 29. Bxe5 Rc2 30. Qe4 Rc4 31. Qe2 Rc2 32. Qe4
Rc4 33. Qe2 Nf5 34. Bxg7 Kxg7 35. Qe5+ f6 36. Qe8 Rc7 37. h4 Rf7 38. Bh3 Nd4
39. Kg2 Nc2 40. Re2 Nd4 41. Re1 Nc2 42. Re2 Nd4 43. Re1 Qd6 44. Be6 Nxe6 45.
dxe6 Re7 46. Qxb5 h5 47. a4 a6 48. Qc4 a5 49. Qb5 Kh6 50. Qxa5 Qc6+ 51. Kg1
Rxe6 52. Rxe6 Qxe6 53. Qb5 g5 54. hxg5+ fxg5 55. a5 Qe1+ 56. Kg2 Qe4+ 57.
Kg1 Qe1+ 58. Kg2 Qe4+ 59. Kg1 {Game drawn by mutual agreement} 1/2-1/2

[Event "ICC tourney 2743 (40 10)"]
[Site "Internet Chess Club"]
[Date "2021.11.20"]
[Round "2"]
[White "Turcotte, Jonathan:JonnyTurgi"]
[Black "SHEEHAN, ETHAN THOMAS:Chessking2008"]
[Result "0-1"]
[ICCResult "White resigns"]
[WhiteElo "2000"]
[BlackElo "2194"]
[Opening "Queen's Indian: old main line, 7.Nc3"]
[ECO "E18"]
[NIC "QI.10"]
[Time "13:15:51"]
[PlyCount "50"]
[TimeControl "2400+10"]

1. d4 Nf6 2. c4 e6 3. Nf3 b6 4. g3 Bb7 5. Bg2 Be7 6. O-O O-O 7. Nc3 Ne4 8.
Bd2 f5 9. d5 a5 10. Rc1 Na6 11. Ne5 Nxd2 12. Qxd2 Bf6 13. f4 Nc5 14. dxe6
Bxg2 15. Kxg2 dxe6 16. Rfd1 Bxe5 17. fxe5 Qe8 18. Qe3 Rd8 19. Qf3 Qe7 20. e3
Nd3 21. Rc2 Nxe5 22. Qf4 Qc5 23. Rcd2 Rxd2+ 24. Rxd2 Nxc4 25. Rd7 Qc6+
{White resigns}
0-1

[Event "ICC tourney 2743 (40 10)"]
[Site "Internet Chess Club"]
[Date "2021.11.20"]
[Round "2"]
[White "BUENAVISTA, PROSPERO SILOS:perryb"]
[Black "Tanenbaum, Zachary:MasterZachary"]
[Result "0-1"]
[ICCResult "White resigns"]
[WhiteElo "2031"]
[BlackElo "2229"]
[Opening "Queen's bishop game"]
[ECO "D00"]
[NIC "QP.08"]
[Time "13:15:58"]
[PlyCount "64"]
[TimeControl "2400+10"]

1. d4 d5 2. Bf4 Nf6 3. Nf3 c5 4. c3 Nc6 5. e3 Qb6 6. Qb3 c4 7. Qc2 Bf5 8.
Qxf5 Qxb2 9. Be2 e6 10. Qh3 Ne4 11. O-O Qxe2 12. Nbd2 Nxd2 13. Nxd2 Qxd2 14.
Rab1 b6 15. Qf3 Qxc3 16. Rfc1 Qd3 17. Rd1 Qe4 18. Qe2 Be7 19. f3 Qg6 20. e4
O-O 21. exd5 exd5 22. Rb5 Rad8 23. a4 Bf6 24. Be5 Rfe8 25. f4 Bxe5 26. dxe5
Qe6 27. g4 f6 28. Qf3 fxe5 29. Rbxd5 e4 30. f5 Qxd5 31. Rxd5 exf3 32. Rxd8
Rxd8 {White resigns} 0-1

[Event "ICC tourney 2743 (40 10)"]
[Site "Internet Chess Club"]
[Date "2021.11.20"]
[Round "2"]
[White "VAKHIDOV, JAKHONGIR:TjkTiger"]
[Black "FANG, JADEN:SaltyCarrot777"]
[Result "1-0"]
[ICCResult "Black forfeits on time"]
[WhiteElo "2607"]
[BlackElo "2048"]
[Opening "English opening"]
[ECO "A20"]
[NIC "EO.24"]
[Time "13:17:03"]
[PlyCount "39"]
[TimeControl "2400+10"]

1. c4 e5 2. g3 Nf6 3. Bg2 d5 4. cxd5 Nxd5 5. Nf3 Nc6 6. O-O Be7 7. d4 exd4
8. Nxd4 Nxd4 9. Qxd4 Nf6 10. Qa4+ c6 11. Rd1 Bd7 12. Nc3 O-O 13. e4 Bc5 14.
h3 Qe7 15. Qc2 Rfd8 16. Na4 Bd6 17. Be3 b6 18. a3 Rac8 19. Re1 Bb8 20. f4
{Black forfeits on time}
1-0

[Event "ICC tourney 2743 (40 10)"]
[Site "Internet Chess Club"]
[Date "2021.11.20"]
[Round "2"]
[White "MARTINEZ ALCANTARA, JOSE:josechess99"]
[Black "HEBDEN, MARK L:mhebden"]
[Result "1-0"]
[ICCResult "Black resigns"]
[WhiteElo "2702"]
[BlackElo "2505"]
[Opening "Ruy Lopez: closed defense"]
[ECO "C84"]
[NIC "RL.13"]
[Time "13:15:47"]
[PlyCount "115"]
[TimeControl "2400+10"]

1. e4 e5 2. Nf3 Nc6 3. Bb5 a6 4. Ba4 Nf6 5. O-O Be7 6. d3 d6 7. c3 O-O 8.
Re1 b5 9. Bc2 Re8 10. a4 Bd7 11. h3 h6 12. Nbd2 Bf8 13. Nb3 b4 14. Be3 a5
15. Rc1 Ne7 16. Nbd2 c5 17. d4 exd4 18. cxd4 Ng6 19. Bb3 cxd4 20. Nxd4 Ne5
21. f4 Nd3 22. Bxf7+ Kh8 23. Bxe8 Qxe8 24. Qf3 Nxc1 25. Rxc1 Bxa4 26. e5
dxe5 27. fxe5 Qxe5 28. Qxa8 Qxe3+ 29. Kh1 Nd7 30. N4f3 Bb5 31. Qxa5 Be2 32.
Re1 Qf2 33. Qd8 Bb5 34. Ne4 Qxb2 35. Nc5 Qf6 36. Re8 Qxd8 37. Rxd8 Nxc5 38.
Rxf8+ Kh7 39. Rb8 Be2 40. Nd4 Na6 41. Rb7 Bc4 42. Nf5 Kg6 43. Nxg7 b3 44.
Ne8 Nc5 45. Rb6+ Kh7 46. Nf6+ Kg7 47. Ng4 Nd3 48. Ne3 Bf7 49. Nf5+ Kh7 50.
Rxh6+ Kg8 51. Rb6 b2 52. Nh6+ Kg7 53. Nxf7 Kxf7 54. Kh2 Ke7 55. h4 Kd7 56.
h5 Kc7 57. Rxb2 Nxb2 58. h6 {Black resigns} 1-0

[Event "ICC tourney 2743 (40 10)"]
[Site "Internet Chess Club"]
[Date "2021.11.20"]
[Round "2"]
[White "MATINIAN, NIKITA:gannikus1992"]
[Black "Wan, Caleb:chess-caleb"]
[Result "1-0"]
[ICCResult "Black resigns"]
[WhiteElo "2504"]
[BlackElo "2028"]
[Opening "Ruy Lopez: closed, 7...O-O"]
[ECO "C88"]
[NIC "RL.17"]
[Time "13:15:54"]
[PlyCount "103"]
[TimeControl "2400+10"]

1. e4 e5 2. Nf3 Nc6 3. Bb5 a6 4. Ba4 Nf6 5. O-O Be7 6. Re1 b5 7. Bb3 O-O 8.
d3 Bb7 9. Nc3 Re8 10. Bd2 h6 11. a4 b4 12. Nd5 Na5 13. Nxf6+ Bxf6 14. Bxb4
Nxb3 15. cxb3 d5 16. Qc2 Be7 17. Bxe7 Rxe7 18. Qc5 Qd6 19. b4 Rd8 20. Qa5 g5
21. Rac1 Rdd7 22. h3 f6 23. Nd2 Kg7 24. Nb3 Rd8 25. Rc3 d4 26. Rc2 f5 27.
exf5 e4 28. dxe4 d3 29. e5 dxc2 30. exd6 Rxe1+ 31. Kh2 Rd7 32. b5 c1=Q 33.
Nxc1 Rxc1 34. bxa6 cxd6 35. axb7 Rxb7 36. Qd5 Rbc7 37. Qxd6 R1c6 38. Qe5+
Kh7 39. b4 h5 40. b5 Rc5 41. Qe6 g4 42. Qg6+ Kh8 43. Qxh5+ Kg7 44. Qxg4+ Kh7
45. b6 Rg7 46. Qh4+ Kg8 47. f6 Rf7 48. Qg3+ Kh7 49. Qd3+ Kh8 50. Qg6 Rc1 51.
Qh6+ Kg8 52. Qxc1 {Black resigns} 1-0

[Event "ICC tourney 2743 (40 10)"]
[Site "Internet Chess Club"]
[Date "2021.11.20"]
[Round "2"]
[White "MATIAS PEREIRA, JULIANO RESENDE:JMatias"]
[Black "ALEKSANDROV, ALEKSEJ:Aleksandrov73"]
[Result "0-1"]
[ICCResult "White resigns"]
[WhiteElo "2250"]
[BlackElo "2584"]
[Opening "Giuoco Piano"]
[ECO "C54"]
[NIC "IG.02"]
[Time "13:15:54"]
[PlyCount "100"]
[TimeControl "2400+10"]

1. e4 e5 2. Nf3 Nc6 3. Bc4 Bc5 4. c3 Nf6 5. d4 exd4 6. e5 d5 7. Bb5 Ne4 8.
cxd4 Bb6 9. Nc3 O-O 10. Be3 Ba5 11. Rc1 Nb4 12. Qb3 c5 13. O-O c4 14. Qd1
Nxc3 15. Rxc3 a6 16. Ba4 Bf5 17. Bg5 Qc8 18. Be7 Nd3 19. Qd2 b5 20. Bxf8
Qxf8 21. Bd1 Qb4 22. Nh4 Be6 23. Qg5 Qxb2 24. Rc2 Qxd4 25. Nf3 Qf4 26. Qxf4
Nxf4 27. Nd4 Bb6 28. Nxe6 fxe6 29. g3 Nd3 30. Kg2 b4 31. f4 a5 32. Bg4 Re8
33. Re2 g6 34. h4 a4 35. h5 b3 36. axb3 axb3 37. Rb1 Kf7 38. h6 Ra8 39. Kf1
Ra2 40. Bf3 Bd4 41. Bg4 Nc5 42. Rd1 Bc3 43. f5 gxf5 44. Bh5+ Ke7 45. g4 fxg4
46. Bg6 hxg6 47. h7 Ra8 48. Kg2 Rh8 49. Rh1 Ne4 50. Re3 Bxe5 {White resigns}
0-1

[Event "ICC tourney 2743 (40 10)"]
[Site "Internet Chess Club"]
[Date "2021.11.20"]
[Round "2"]
[White "LIU, ERIC CHANG:el008"]
[Black "Fawzy, Adham:domti"]
[Result "0-1"]
[ICCResult "White resigns"]
[WhiteElo "1946"]
[BlackElo "2542"]
[Opening "Sicilian: Labourdonnais-Löwenthal (Kalashnikov) variation"]
[ECO "B32"]
[NIC "SI.32"]
[Time "13:15:53"]
[PlyCount "100"]
[TimeControl "2400+10"]

1. e4 c5 2. Nf3 Nc6 3. d4 cxd4 4. Nxd4 e5 5. Nb5 d6 6. Be3 Nf6 7. f3 Be6 8.
c4 a6 9. N5c3 g6 10. Nd5 Bxd5 11. cxd5 Nd4 12. Bxd4 exd4 13. Bd3 Bg7 14. O-O
O-O 15. Nd2 Nd7 16. Rc1 h5 17. f4 Re8 18. Qf3 Nc5 19. b4 Na4 20. Nc4 Nc3 21.
Rc2 Rc8 22. Rfc1 Rxc4 23. Bxc4 Nxe4 24. Re2 Nc3 25. Rxe8+ Qxe8 26. Kf2 f5
27. Qd3 Qa4 28. Bb3 Qxb4 29. Re1 Ne4+ 30. Rxe4 fxe4 31. Qxe4 Qd2+ 32. Kf3 d3
33. Qe3 Qc3 34. h3 Kh7 35. Ke4 Qb2 36. Kf3 d2 37. Ke2 d1=Q+ 38. Kxd1 Qxg2
39. Qd3 Qg1+ 40. Ke2 Qh2+ 41. Kd1 Qxf4 42. Bc2 Qg5 43. Qe4 Bh6 44. Ke2 b5
45. Kf3 Qg1 46. Qe7+ Bg7 47. Qxd6 Qf1+ 48. Ke3 Bh6+ 49. Kd4 Qc4+ 50. Ke5
Bf4+ {White resigns} 0-1

[Event "ICC tourney 2743 (40 10)"]
[Site "Internet Chess Club"]
[Date "2021.11.20"]
[Round "2"]
[White "IVANOV, ALEXANDER:marble"]
[Black "AZAROV, SERGEI:Sergeiaza"]
[Result "1/2-1/2"]
[ICCResult "Game drawn by repetition"]
[WhiteElo "2429"]
[BlackElo "2648"]
[Opening "Ruy Lopez: closed, Smyslov defense"]
[ECO "C93"]
[NIC "RL.22"]
[Time "13:15:51"]
[PlyCount "92"]
[TimeControl "2400+10"]

1. e4 e5 2. Nf3 Nc6 3. Bb5 a6 4. Ba4 Nf6 5. O-O Be7 6. Re1 b5 7. Bb3 d6 8.
c3 O-O 9. h3 h6 10. d4 Re8 11. Nbd2 Bf8 12. Nf1 Bd7 13. Ng3 Na5 14. Bc2 c5
15. b3 Nc6 16. d5 Ne7 17. a4 Ng6 18. Be3 Nh7 19. Qd2 Nh4 20. Nxh4 Qxh4 21.
Ra2 Be7 22. axb5 axb5 23. Rea1 Rxa2 24. Rxa2 Bg5 25. Ra6 Bxe3 26. Qxe3 Qe7
27. Bd1 Bc8 28. Ra2 Nf6 29. Nh5 Nxh5 30. Bxh5 Rf8 31. Bg4 Bxg4 32. hxg4 Qb7
33. g5 h5 34. Qf3 Ra8 35. Rxa8+ Qxa8 36. Qxh5 Qa1+ 37. Kh2 Qxc3 38. g6 Qd2
39. Qh7+ Kf8 40. Qh8+ Ke7 41. Qc8 Qh6+ 42. Kg1 Qc1+ 43. Kh2 Qh6+ 44. Kg1
Qc1+ 45. Kh2 Qh6+ 46. Kg1 Qc1+ {Game drawn by repetition} 1/2-1/2

[Event "ICC tourney 2743 (40 10)"]
[Site "Internet Chess Club"]
[Date "2021.11.20"]
[Round "2"]
[White "Vittal, Sanjana:MCTS13"]
[Black "LIU, PATRICK PEIJUN:JunlinTheWorld"]
[Result "0-1"]
[ICCResult "White resigns"]
[WhiteElo "2042"]
[BlackElo "1989"]
[Opening "Sicilian: closed, 2...Nc6"]
[ECO "B23"]
[NIC "SI.44"]
[Time "13:15:52"]
[PlyCount "74"]
[TimeControl "2400+10"]

1. e4 c5 2. Nc3 Nc6 3. Bb5 Nd4 4. Nf3 g6 5. Bc4 Bg7 6. Nxd4 cxd4 7. Qf3 e6
8. Nb5 d6 9. Qa3 Ke7 10. c3 e5 11. cxd4 exd4 12. Qd3 Qb6 13. b3 a6 14. Na3
Nf6 15. Bb2 Nd7 16. f4 Re8 17. Bd5 Nc5 18. Qc4 Be6 19. Bxe6 Nxe6 20. Rf1 Kf8
21. Kd1 Rac8 22. Qd5 Nc7 23. Qg5 h6 24. Qg4 Nb5 25. Nc4 Qc6 26. d3 d5 27.
exd5 Qxd5 28. Nb6 Qc5 29. Nxc8 Nc3+ 30. Kd2 Re2+ 31. Qxe2 Nxe2 32. Rae1 Nc3
33. Ne7 Bf6 34. f5 Bxe7 35. fxg6 Qg5+ 36. Kc2 Qxg2+ 37. Kc1 Bg5+ {White
resigns} 0-1